 Dungeon Crawl Stone Soup version 0.30.1-9-gdf580d7c3d (webtiles) character file.

Game seed: 13161345438025296186

4687 booth the Cleaver (level 10, -10/68 HPs)
             Began as a Demonspawn Wanderer on Oct 8, 2023.
             Was a Believer of Ashenzari.
             Killed from afar by a steam dragon (15 damage)
             ... with a ball of steam
             ... on level 8 of the Dungeon.
             The game lasted 00:51:23 (7478 turns).

booth the Cleaver (Demonspawn Wanderer)             Turns: 7478, Time: 00:51:24

Health: -10/68     AC:  8    Str: 14    XL:     10   Next: 21%
Magic:  22/22      EV: 11    Int: 15    God:    Ashenzari [**....]
Gold:   229        SH:  6    Dex: 14    Spells: 20/25 levels left

rFire   . . .        a - +3 hand axe (heavy)
rCold   . . .        (no shield)
rNeg    . . .        t - +2 robe "Celestial Paranoia" {Will+, Bglg, Range} (curse)
rPois   .            s - +0 helmet
rElec   .            i - +0 cloak "Elysian Secrets" {Self, Melee} (curse)
rCorr   .            j - +0 pair of gloves of Ashenzari's Planets {Melee, Fort} (curse)
SInv    +            q - +0 pair of boots
Will    +....        e - amulet of the acrobat
Stlth   +++          D - ring of flight
HPRegen 0.31/turn    (no ring)
MPRegen 0.18/turn

%: acrobat
@: weakened, flying
A: large bone plates 2, powered by death 1, condensation shield, demonic touch 2
a: Renounce Religion, Shatter the Chains


You were on level 8 of the Dungeon.
You worshipped Ashenzari.
Ashenzari was pleased with you.
You visited 2 branches of the dungeon, and saw 9 of its levels.

You collected 391 gold pieces.
You spent 162 gold pieces at shops.

Inventory:

Hand Weapons
 a - a +3 heavy hand axe (weapon)
 o - a +1 hammer of protection
 r - a +0 dagger
 w - a +1 war axe of flaming
 E - a +0 short sword
Missiles
 b - 28 poisoned darts (quivered)
 k - 5 javelins
Armour
 i - the cursed +0 cloak "Elysian Secrets" (worn) {Self, Melee}
   (You found it on level 1 of the Dungeon)

   It has a curse which improves the following skills: Introspection: Fighting
   and Spellcasting.
   Melee Combat: Short Blades, Long Blades, Axes, Maces & Flails, Polearms,
   Staves and Unarmed Combat.
 j - the cursed +0 pair of gloves of Ashenzari's Planets (worn) {Melee, Fort}
   (You found it on level 1 of the Dungeon)

   It has a curse which improves the following skills: Melee Combat: Short
   Blades, Long Blades, Axes, Maces & Flails, Polearms, Staves and Unarmed
   Combat.
   Fortitude: Armour and Shields.
 q - a +0 pair of boots (worn)
 s - a +0 helmet (worn)
 t - the cursed +2 robe "Celestial Paranoia" (worn) {Will+, Bglg, Range}
   (You took it off Jessica on level 2 of the Dungeon)

   It has a curse which improves the following skills: Beguiling: Conjurations,
   Hexes and Translocations.
   Ranged Combat: Ranged Weapons and Throwing.
 F - a +2 ring mail of fire resistance
 G - a +0 robe
Jewellery
 e - an amulet of the acrobat (around neck)
 D - a ring of flight (left hand)
Wands
 u - a wand of acid (12)
 x - a wand of digging (1)
 C - a wand of flame (16)
Scrolls
 g - 7 scrolls of fog
 h - a scroll of blinking
 n - 4 scrolls of teleportation
 y - a scroll of brand weapon
 z - 2 scrolls of fear
 A - 6 scrolls of identify
 B - 2 scrolls of poison
Potions
 c - a potion of haste
 d - a potion of might
 f - a potion of cancellation
 l - 2 potions of mutation
 m - 3 potions of heal wounds
 p - 3 potions of curing
 v - a potion of resistance


   Skills:
 + Level 1.7(2.5) Fighting
 + Level 10.2(12.3) Axes
 - Level 4.8(9.2) Maces & Flails
 + Level 4.3(5.4) Throwing
 + Level 0.8(1.4) Armour
 + Level 4.7 Stealth
 * Level 6.9(8.1) Spellcasting
 * Level 7.1 Ice Magic


You had 20 spell levels left.
You knew the following spells:

 Your Spells              Type           Power      Damage    Failure   Level
a - Freeze                Ice            100%       1d10      1%          1
b - Kiss of Death         Conj/Necr      24%        2d7       12%         1
c - Frozen Ramparts       Ice            54%        1d9       1%          3

Your spell library contained the following spells:

 Spells                   Type           Power      Damage    Failure   Level
 Magic Dart               Conj           24%        1d4       12%         1
 Ice Form                 Ice/Tmut       16%        N/A       28%         4
 Summon Ice Beast         Ice/Summ       16%        N/A       28%         4
 Confusing Touch          Hex            6%         N/A       34%         3
 Dispel Undead            Necr           6%         3d8       75%         4
 Passage of Golubria      Tloc           6%         N/A       75%         4
 Irradiate                Conj/Tmut      3%         3d12      97%         5
 Silence                  Hex/Air        3%         N/A       97%         5
 Lehudib's Crystal Spear  Conj/Erth      3%         10d2      100%        8
 Fire Storm               Conj/Fire      3%         8d1       100%        9


Dungeon Overview and Level Annotations

Branches:
Dungeon (8/15)             Temple (1/1) D:4
   Lair: D:8-11

Altars:
Ashenzari
Cheibriados
Dithmenos
Fedhas
Gozag
Hepliaklqana
Kikubaaqudgha
Nemelex Xobeh
Okawaru
Sif Muna
Uskayaw
Vehumet
Wu Jian
Xom
Yredelemnul

Shops:
D:4 (   D:7 [!:   D:8 [

Annotations:
D:4 2 transporters, Ninjinzu's ghost, amateur DsBe


Innate Abilities, Weirdness & Mutations

You are mostly covered in large bone plates. (SH +6)
You regenerate a little health from kills.
A meltable shield of frost defends you. (SH +0)
Your touch may inflict irresistible damage on your foes.


Message History

You hit the gnoll bouda but do no damage.
You hit the gnoll.
The gnoll hits you from afar with a +0 spear.
The gnoll is engulfed in a cloud of scalding steam.
The gnoll dies!
The gnoll hits you with a +0 spear.
The gnoll bouda is engulfed in a cloud of scalding steam.
The gnoll bouda barely misses you. The gnoll misses you.
You closely miss the gnoll. You hit the gnoll bouda.
You block the gnoll's attack.
The gnoll bouda hits you with a +0 club!
You block the gnoll's attack.
You barely miss the gnoll. You closely miss the steam dragon.
You hit the gnoll bouda but do no damage.
The steam dragon closely misses you. The steam dragon misses you.
The gnoll bouda closely misses you. The gnoll closely misses you.
The steam dragon attacks as you move away!
The steam dragon bites you but does no damage.
The steam dragon claws you.
The gnoll bouda attacks as you move away!
The gnoll bouda hits you with a +0 club!
* * * LOW HITPOINT WARNING * * *
The gnoll completely misses you.
The gnoll bouda barks out a call to the hunt!
The gnolls pick up the pace!
The gnoll completely misses you.
You see here 2 scrolls of enchant weapon.
You hit the gnoll.
The gnoll is moderately wounded.
You hit the gnoll. You hit the steam dragon.
You block the steam dragon's attack. x2; You block the gnoll's attack.
The gnoll hits you with a +0 spear.
* * * LOW HITPOINT WARNING * * *
The gnoll hits you with a +0 spear.
* * * LOW HITPOINT WARNING * * *
The gnoll bouda gazes fiercely through you!
You feel as though you will be weak longer.
The steam dragon breathes steam at you. The ball of steam hits you!
You die...

, * ........# , , , ,
##### , ........ * ...†#
,, ...... * ....# *#...#
* * ....# #...# ....#
#...########## * * *
....# #...)g........
....# #...gD@g......,
....#######....#########
...............#
...................** *
* ##.................* ,
, ##.................#
*** ##.............#####
* ...............# * +*
, ######.........#, ,


You could see a steam dragon (catching breath), a gnoll bouda and 2 gnolls.

Vanquished Creatures
  Pikel (D:6)
  Prince Ribbit (D:6)
  2 wyverns (D:8)
  A steam dragon (D:5)
  Duvessa (D:7)
  2 water moccasins
  2 black bears
  2 ogres
  2 ice beasts
  A lemure (D:6)
  A kobold brigand (D:8)
  A bullfrog (D:6)
  A gnoll sergeant (D:7)
  5 scorpions
  5 wights (D:7)
  Dowan (D:7)
  2 howler monkeys
  6 hounds
  An orc priest (D:6)
  Crazy Yiuf (D:3)
  2 jellies
  A gnoll bouda (D:4)
  A sleepcap (D:7)
  Jessica (D:2)
  3 iguanas
  An orc wizard (D:6)
  Robin (D:2)
  8 gnolls
  7 adders
  2 shadow imps (D:6)
  A white imp (D:7)
  3 ufetubi
  2 worms
  3 dart slugs
  12 orcs
  12 ball pythons
  6 bats
  10 endoplasms
  5 giant cockroaches
  8 goblins
  8 hobgoblins
  7 kobolds
  4 quokkas
  3 frilled lizards
  3 rats
153 creatures vanquished.

Vanquished Creatures (others)
  A gnoll (D:8)
1 creature vanquished.

Grand Total: 154 creatures vanquished

Notes
Turn   | Place    | Note
-------+----------+-------------------------------------------
     0 | D:1      | booth the Demonspawn Wanderer began the quest for the Orb.
     0 | D:1      | booth set off with the following items: a +2 hand axe, 9
                  | poisoned darts, a +0 dagger, a potion of might, a +0 robe;
                  | and the following spell memorised: Freeze; and the
                  | following spells available to memorise: Frozen Ramparts.
     0 | D:1      | Reached XP level 1. HP: 13/13 MP: 2/2
   300 | D:1      | Found a faded altar of an unknown god.
   413 | D:1      | Gained mutation: You are partially covered in large bone
                  | plates. (SH +4) [demonic ancestry]
   413 | D:1      | Reached XP level 2. HP: 16/19 MP: 3/3
  1278 | D:2      | Gained mutation: Your touch may inflict minor irresistible
                  | damage on your foes. [demonic ancestry]
  1278 | D:2      | Reached XP level 3. HP: 23/24 MP: 5/5
  1333 | D:2      | Noticed Jessica
  1474 | D:2      | Learned a level 1 spell: Kiss of Death
  1478 | D:2      | Learned a level 3 spell: Frozen Ramparts
  1585 | D:2      | Noticed Robin
  1598 | D:2      | Killed Robin
  1599 | D:2      | Reached XP level 4. HP: 25/30 MP: 6/6
  1755 | D:2      | Killed Jessica
  2005 | D:3      | Reached skill level 5 in Axes
  2253 | D:3      | Found an iron altar of Okawaru.
  2369 | D:3      | Found a runed translucent door.
  2370 | D:3      | Noticed Crazy Yiuf
  2405 | D:3      | Reached XP level 5. HP: 35/35 MP: 8/8
  2597 | D:3      | Killed Crazy Yiuf
  2768 | D:4      | Found a transporter.
  2770 | D:4      | Identified the +7 great mace of Vosis {heavy, Int+4 Dex+3
                  | Stlth+}
  2770 | D:4      | Noticed an ogre
  2770 | D:4      | Noticed Ninjinzu's ghost (amateur DsBe)
  2771 | D:4      | Found a transporter.
  2772 | D:4      | Noticed an ogre
  2874 | D:4      | Gained mutation: You are mostly covered in large bone
                  | plates. (SH +6) [demonic ancestry]
  2874 | D:4      | Reached XP level 6. HP: 31/41 MP: 9/9
  3128 | D:4      | Found Weemyix's Antique Weapon Shoppe.
  3157 | D:4      | Bought a glowing war axe for 162 gold pieces
  3238 | D:4      | Got Cerebov's Spellbook of Roasted Energy
  3333 | D:4      | Found a staircase to the Ecumenical Temple.
  3343 | Temple   | Entered the Ecumenical Temple
  3424 | Temple   | Became a worshipper of Ashenzari the Shackled
  3634 | D:5      | Entered Level 5 of the Dungeon
  3818 | D:5      | Noticed an ice beast
  3825 | D:5      | Killed an ice beast
  3826 | D:5      | Gained mutation: A meltable shield of frost defends you.
                  | (SH +0) [demonic ancestry]
  3826 | D:5      | Reached XP level 7. HP: 30/46 MP: 11/11
  3896 | D:5      | Reached skill level 6 in Axes
  3927 | D:5      | Found a hide-covered altar of Uskayaw.
  4106 | D:5      | Noticed a steam dragon
  4119 | D:5      | Killed a steam dragon
  4120 | D:5      | Reached XP level 8. HP: 8/52 MP: 13/13
  4333 | D:5      | Found an opulent altar of Gozag.
  4712 | D:5      | Reached skill level 9 in Axes
  4712 | D:5      | Gained mutation: You regenerate a little health from kills.
                  | [demonic ancestry]
  4712 | D:5      | Reached XP level 9. HP: 57/57 MP: 13/18
  5009 | D:6      | Noticed Pikel
  5088 | D:6      | Noticed Prince Ribbit
  5115 | D:6      | Killed Prince Ribbit
  5116 | D:6      | Reached skill level 10 in Axes
  5398 | D:6      | Reached * piety under Ashenzari
  5471 | D:6      | Killed Pikel
  5995 | D:7      | Reached skill level 1 in Fighting
  6270 | D:7      | Reached ** piety under Ashenzari
  6280 | D:7      | Found Wehil's Book Shop.
  6283 | D:7      | Found Kaceg's Armour Emporium.
  6306 | D:7      | Found Lauross's Distillery.
  6470 | D:7      | Noticed Dowan
  6666 | D:7      | Noticed Duvessa
  6670 | D:7      | Killed Dowan
  6678 | D:7      | Killed Duvessa
  6679 | D:7      | Gained mutation: Your touch may inflict irresistible damage
                  | on your foes. [demonic ancestry]
  6679 | D:7      | Reached XP level 10. HP: 25/67 MP: 21/21
  7286 | D:8      | Found Tirama Pitz's Antique Armour Emporium.
  7478 | D:8      | Killed from afar by a steam dragon

Illustrated notes

Levels and vault maps discovered:
D:1:      dpeg_arrival_tiny_k, layout_basic, nicolae_ecumenical_snake_handling,
          grunt_decor_junction
D:2:      layout_rooms, grunt_decor_clamped, minmay_circle_x, uniq_jessica,
          uniq_robin
D:3:      layout_basic, okawaru_trees_2, minmay_misc_feat_five,
          uniq_crazy_yiuf_cottage
D:4:      layout_cave_pools, mainiacjoe_overflow_alcove_2,
          lemuel_temple_firewalk_b, gammafunk_ghost_smash, serial_shops,
          nicolae_diamond_shop
D:5:      layout_gridville, pdpol_temple_overflow_zin_treasury_gozag_greed,
          mainiacjoe_overflow_24_doors, fountainhead, supply_closet_lemuel
D:6:      layout_loops_ring, chequers_decorated_corner, uniq_prince_ribbit1,
          uniq_pikel
D:7:      layout_gridville, serial_shops, shop, shop, nicolae_shop_behind_doors,
          uniq_duvessa
D:8:      layout_basic, serial_shops, nicolae_take_the_stairs
Temple:   cyrus_circular_temple

Skill      XL: |  1  2  3  4  5  6  7  8  9 10 |
---------------+-------------------------------+-----
Ice Magic      | 2 3 6 7 |  7.1
Throwing       | 2 3 4 |  4.3
Stealth        | 2 3 4 |  4.7
Spellcasting   | 2 3 6 |  6.9
Axes           | 5 6 9 10 | 10.2
Maces & Flails | 4 |  4.8
Fighting       | 1 |  1.7
Armour         | |  0.8

Action                     |  1- 3 |  4- 6 |  7- 9 | 10-12 || total
---------------------------+-------+-------+-------+-------++-------
  Melee: Hand axe          |    88 |   105 |   145 |    50 ||   388
         Punch             |     1 |     1 |     4 |     1 ||     7
         Touch             |     7 |    17 |    20 |     8 ||    52
  Throw: Dart              |     3 |    29 |    14 |       ||    46
         Javelin           |       |     1 |     2 |       ||     3
         Boomerang         |       |       |    27 |       ||    27
 Invoke: Curse Item        |       |       |     3 |       ||     3
    Use: Scroll            |     3 |    10 |     1 |       ||    14
         Potion            |     1 |     1 |     1 |     1 ||     4
   Stab: Sleeping          |       |     2 |     5 |     1 ||     8
 Armour: Robe              |    22 |    18 |    26 |     7 ||    73
         Leather armour    |     3 |     3 |       |       ||     6
  Dodge: Dodged            |    68 |    51 |    67 |    37 ||   223
  Block: Other             |    13 |    22 |    70 |    34 ||   139
